[Event "Marshall Masters 44"]
[Site "New York"]
[Date "2024.12.18"]
[Round "3.2"]
[White "Zeltsan, Joseph"]
[Black "Lenderman, Aleksandr"]
[Result "1/2-1/2"]
[ECO "D06"]
[WhiteElo "2405"]
[BlackElo "2480"]
[Annotator "TA"]
[PlyCount "96"]
[EventDate "2024.12.17"]
[EventType "swiss"]
[EventCountry "USA"]
[SourceTitle "playchess.com"]
[Source "ChessBase"]
[SourceQuality "1"]
[TimeMode "Bronstein"]
[TimeControl "1500+5"]

1. d4 d5 2. c4 c5 3. cxd5 Nf6 4. e4 Nxe4 5. dxc5 Qa5+ 6. Bd2 Nxd2 7. Qxd2 Qxd2+ 8. Nxd2 g6 9. b4 Bg7 10. Rc1 O-O 11. Ngf3 Rd8 12. Bc4 Na6 $1 13. a3 Nc7 {[%emt 0:00:05] [#]} 14. d6 (14. O-O $1 $11) 14... exd6 $15 15. cxd6 Ne8 16. Ne4 Nxd6 17. Nxd6 Rxd6 18. Ng5 Rd7 (18... Bb2 $1 $17 19. Nxf7 Rb6 20. Ng5+ Kg7) 19. O-O Bh6 20. h4 Kg7 21. Rfe1 a5 22. Bb5 Bxg5 23. hxg5 Rd5 24. Bc4 Rxg5 25. Re7 Bh3 (25... Rf5 $6 26. Re8 $16) (25... Kh6 $14) 26. Rxf7+ $16 (26. Bxf7 $6 Kf6 (26... Bxg2 $2 27. f4 $18) (26... Rxg2+ 27. Kh1 $15) 27. Re3 Rxg2+ (27... Bxg2 28. f4 $11) 28. Kh1 Rxf2 (28... Kxf7 29. Rxh3 Rxf2 30. Rxh7+ Kf6 31. Rxb7 $11) 29. Rxh3 Kxf7 $11) 26... Kh6 27. Bf1 (27. Rxb7 Rxg2+ (27... Bxg2 28. Rb5 $15) 28. Kh1 axb4 $17 (28... Rxf2 29. bxa5 Bg2+ 30. Kg1 $17)) 27... axb4 28. Rcc7 Rh8 29. axb4 (29. Rxb7 bxa3 30. Ra7 Bg4 $11 (30... Be6 31. Rfe7 $11)) 29... Be6 30. Rfe7 Bd5 31. g3 Bc6 $2 (31... Bf3 $16) 32. Bg2 $2 ({Only move:} 32. Be2 $1 $18 Rf5 33. f4) 32... Bxg2 $4 ({Black should try} 32... Rb5 $14) 33. Kxg2 $18 Rb5 (33... Rf5 $142 34. Rxb7 Rff8) 34. f4 $18 (34. Rxb7 Rxb7 35. Rxb7 Rc8 $16) 34... Rxb4 35. Kf3 $2 ({Stronger than} 35. Rxb7 Rxb7 36. Rxb7 Ra8 $11) (35. Kh3 $1 $18 {[%cal Oc7d7] and the rest is easy.} Rb6 36. g4 (36. Rxb7 Rxb7 37. Rxb7 Ra8 $11)) 35... Rb3+ $16 36. Kg4 Rb5 37. Rf7 b6 38. Rb7 $1 Rb1 $2 (38... Rc5 $16) 39. Rfd7 $2 (39. Kh3 $1 $18 {Strongly threatening g4.} Rb3 40. Rfe7) 39... Rb5 $16 {[%emt 0:00:12] [#]} 40. Re7 $1 Rb1 $2 {[%emt 0:00:05][%mdl 8192] [#]} (40... Rb2 $16) 41. Kh3 $1 $18 Rb3 42. Kh4 Rb4 43. Kg4 $2 (43. Rbd7 $18 Rc4 44. Re1) 43... Rb5 (43... Rb1 $11) 44. Kh3 $2 (44. Red7 $16) 44... Rb3 $18 45. Kg2 $2 (45. Rf7 $18 Rb1 46. Kg4) 45... Rb2+ $11 46. Kf3 (46. Kh3 $11 Rb3) 46... Rb3+ $1 $16 47. Kg4 Rb5 48. Kh3 Rb3 1/2-1/2

[Event "Marshall Masters 44"]
[Site "New York"]
[Date "2024.12.18"]
[Round "3.3"]
[White "Abdullayev, Shami"]
[Black "Putnam, Liam"]
[Result "0-1"]
[ECO "B25"]
[WhiteElo "2075"]
[BlackElo "2403"]
[Annotator "TA"]
[PlyCount "88"]
[EventDate "2024.12.17"]
[EventType "swiss"]
[EventCountry "USA"]
[SourceTitle "playchess.com"]
[Source "ChessBase"]
[SourceQuality "1"]
[TimeMode "Bronstein"]
[TimeControl "1500+5"]

1. e4 c5 2. Ne2 Nf6 3. Nbc3 d6 4. g3 Nc6 5. Bg2 g6 6. O-O Bg7 7. d3 O-O 8. Bg5 Rb8 9. a4 a6 10. Qd2 b5 {[%emt 0:00:23] The position is equal.} 11. axb5 axb5 12. Bh6 b4 13. Nd5 Nxd5 14. exd5 Bxh6 15. Qxh6 Ne5 16. h3 {[%emt 0:01:51] next f4 is good for White.} b3 ({Black should try} 16... Nd7 $11) 17. Ra4 (17. f4 $14) 17... f6 (17... bxc2 18. Rh4) 18. Rh4 (18. c3 $11) 18... Rf7 $15 {[%emt 0:00:05] And now ...g5 would win.} 19. f4 Nd7 20. c4 Qf8 (20... Nb6 $17 {...Bf5 is the strong threat.} 21. Nc3 Bf5) 21. Nc3 (21. Qxf8+ $11 {remains equal.} Nxf8 22. g4) 21... Qxh6 $17 22. Rxh6 {[%emt 0:00:05] [#]} Ra8 (22... f5 $1 $17 23. Rh4 Nf6) 23. Re1 (23. Kf2 $15) 23... Nb6 ({Better is} 23... f5 $17 {With the idea ...Nf6.} 24. Rh4 Nf6) 24. Rh4 (24. g4 $11 {keeps the balance.}) 24... Bf5 25. Bf1 Kg7 26. g4 Bd7 (26... g5 $17 {White must now prevent ...Bg6.} 27. gxf5 gxh4) 27. f5 Na4 (27... Bc8 $17) 28. fxg6 hxg6 {[%emt 0:00:05] Black keeps a firm grip on the game.} 29. Nxa4 Rxa4 30. g5 Ra2 31. gxf6+ (31. Rb1 $17) 31... exf6 $19 32. Re2 (32. Rb1 {might work better.}) 32... Bf5 33. Rd2 (33. Re8 $142 g5 (33... Rxb2 34. Rhh8 $11) 34. Rhh8) 33... g5 34. Re4 Bxe4 35. dxe4 {[%emt 0:00:05][%mdl 4096] Endgame. KRR-KRB} Ra1 36. Kg2 Rc1 37. Bd3 {[%emt 0:00:05] Repels Rc2} Ra7 38. Kf3 Ra2 39. Ke3 Rh1 40. Be2 Rxh3+ 41. Kf2 Rc3 42. Bd1 {[%emt 0:00:05] [#] Repels Rc2} Rc2 $1 43. Bxc2 Rxb2 ({Not} 43... bxc2 44. Rxc2 Kh6 45. Kf3 $17) 44. Ke2 bxc2 {[%emt 0:00:05] Weighted Error Value: White=1.11/Black=0.17 (very precise) .  Mistake:       	White=9     	Black=6      Inaccurate:     	White=1     	---        OK:         	White=6     	Black=4      Best:        	---       	Black=5} 0-1

[Event "Marshall Masters 44"]
[Site "New York"]
[Date "2024.12.18"]
[Round "3.4"]
[White "Bonin, Jay"]
[Black "Katz, Alexander"]
[Result "1/2-1/2"]
[ECO "B06"]
[WhiteElo "2102"]
[BlackElo "2405"]
[Annotator "TA"]
[PlyCount "35"]
[EventDate "2024.12.17"]
[EventType "swiss"]
[EventCountry "USA"]
[SourceTitle "playchess.com"]
[Source "ChessBase"]
[SourceQuality "1"]
[TimeMode "Bronstein"]
[TimeControl "1500+5"]

1. d4 d6 2. Bg5 g6 3. e4 Bg7 4. c3 Nf6 5. Nd2 O-O 6. Bxf6 exf6 7. Bd3 Re8 8. Ne2 d5 9. exd5 Qxd5 10. O-O b6 11. Nf4 Qd6 12. Qf3 {[%emt 0:00:21] aiming for Nxg6.} Nc6 $2 {[%emt 0:00:23] [#]} (12... c6 $16 {was necessary.}) 13. Rfe1 $2 (13. Bb5 $1 $18 Bb7 14. Nc4 Nxd4 15. Qxb7 (15. cxd4 Bxf3 16. Nxd6 Red8 $18) 15... Qxf4 16. cxd4) 13... Bb7 $14 14. Ne4 Qd8 15. Nd5 Re6 (15... Qxd5 $2 {perishes.} 16. Nxf6+ Bxf6 17. Qxd5 $18) 16. Nf4 {[%emt 0:01:09] A dynamic duo of knights.} Re8 17. Nd5 Re6 (17... Qxd5 $2 {is the wrong capture.} 18. Nxf6+ Bxf6 19. Qxd5 $18) 18. Nf4 {[%emt 0:00:05] Weighted Error Value: White=0.46/Black=0.31.  Loses game:     	---       	Black=1      Missed win:     	White=1     	---        Inaccurate:     	White=1     	Black=2      OK:         	White=6     	Black=4      Best:        	White=2     	Black=1} 1/2-1/2

[Event "Marshall Masters 44"]
[Site "New York"]
[Date "2024.12.18"]
[Round "3.5"]
[White "Chasin, Nico"]
[Black "Mullodzhanov, Nathaniel"]
[Result "0-1"]
[ECO "E73"]
[WhiteElo "2417"]
[BlackElo "1927"]
[Annotator "TA"]
[PlyCount "58"]
[EventDate "2024.12.17"]
[EventType "swiss"]
[EventCountry "USA"]
[SourceTitle "playchess.com"]
[Source "ChessBase"]
[SourceQuality "1"]
[TimeMode "Bronstein"]
[TimeControl "1500+5"]

1. d4 Nf6 2. c4 g6 3. Nc3 Bg7 4. e4 d6 5. Be2 O-O 6. Be3 e5 7. d5 a5 8. g4 Na6 9. g5 Nd7 10. h4 f5 11. gxf6 $1 Nxf6 12. h5 Nc5 13. hxg6 hxg6 14. Bf3 c6 15. Qe2 cxd5 16. Bxc5 (16. cxd5 $11 a4 17. Bxc5 dxc5 18. Qc4) 16... dxc5 (16... dxe4 {keeps more tension.} 17. Bxe4 Nxe4 18. Qxe4 dxc5 19. Qxg6 Bf5) 17. cxd5 a4 18. O-O-O (18. Qd2 $11) 18... a3 $1 $17 {[%emt 0:00:30] White must now prevent ...Qa5.} 19. b3 Ne8 (19... Qa5 $15 20. Qc2 c4 21. bxc4 b5) 20. Kb1 (20. Qc4 $11) 20... Nd6 ({Black should try} 20... Qa5 $1 $15 21. Rc1 (21. Nb5 $2 Bd7 $19) 21... Qb4) 21. Bg4 $11 c4 22. Be6+ $1 $14 ({Don't blunder} 22. Bxc8 $2 Rxc8 23. Qe3 cxb3 $19) 22... Bxe6 23. dxe6 cxb3 24. Nd5 $1 {[%emt 0:00:25] e7 would now be deadly.} bxa2+ (24... Re8 $1 $14) 25. Ka1 $1 $18 Rf4 {[%emt 0:03:00] Prevents Qg4} (25... Re8 $142) 26. Nh3 $2 {[%emt 0:01:28] A dynamic duo of knights.} (26. f3 $18) 26... Rxe4 $11 27. Qxa2 $2 {[%emt 0:00:05][%mdl 8192] [#]} (27. Qc2 $11) 27... Rc4 $1 $19 {[%emt 0:00:36] ( -> ...e4+)} 28. e7 {[%emt 0:05:16] [#]} e4+ $1 29. Kb1 Qa5 0-1

[Event "Marshall Masters 44"]
[Site "New York"]
[Date "2024.12.18"]
[Round "4.1"]
[White "Putnam, Liam"]
[Black "Tang, Andrew"]
[Result "0-1"]
[ECO "C60"]
[WhiteElo "2403"]
[BlackElo "2527"]
[Annotator "TA"]
[PlyCount "75"]
[EventDate "2024.12.17"]
[EventType "swiss"]
[EventCountry "USA"]
[SourceTitle "playchess.com"]
[Source "ChessBase"]
[SourceQuality "1"]
[TimeMode "Bronstein"]
[TimeControl "1500+5"]

1. e4 e5 2. Nf3 Nc6 3. Bb5 g6 4. d4 exd4 5. Nxd4 Bg7 6. Nxc6 bxc6 7. Ba4 Ba6 8. Nd2 (8. Nc3 $11) 8... Ne7 (8... Qg5 $1 $17 9. g3 Qa5) 9. c4 O-O 10. O-O f5 11. exf5 Nxf5 12. Rb1 Nd4 13. Nb3 (13. b4 $15) 13... Ne6 {[%emt 0:03:46] Black is much more active. The white rooks are passive.} ({Black should play} 13... Qh4 $1 $17 {[%cal Od4f3] aiming for ...Nf3+!.} 14. Nxd4 Bxd4) 14. Na5 Bd4 15. b4 Qh4 16. g3 (16. Be3 $1 $11) 16... Qf6 (16... Qh3 $17 17. Rb3 Bb6) 17. Be3 (17. Kg2 $15) 17... Bxe3 $19 18. fxe3 {[%emt 0:00:05] [#]} Qe5 (18... Qc3 $1 $17 19. Re1 Ng5 (19... Bxc4 $2 20. Nxc4 Ng5 21. Re2 $18)) 19. Qd3 $15 Rae8 20. Bb3 (20. Rxf8+ $15 Rxf8 21. Rf1) 20... c5 $17 21. b5 Bc8 22. Bc2 Kg7 23. Qe4 (23. Kg2 $17) 23... Qc3 $19 24. Rxf8 Rxf8 25. Nb3 Qf6 26. Qg2 Qe5 (26... Ng5 $19 {has better winning chances.} 27. Rf1 Qc3 28. Rxf8 Kxf8 29. Nxc5 Qxe3+ 30. Qf2+ Nf3+ 31. Kg2 Qxf2+ 32. Kxf2 Nxh2) 27. Qe4 $17 Qf6 (27... Qg5 $17 28. Rf1 Bb7) 28. Qg2 $1 $19 Ng5 29. Rf1 Nf3+ 30. Kh1 Bb7 {[%emt 0:00:05][%cal Of3e1] Inhibits Be4.} (30... d6 $2 31. Be4 Bg4 32. Nd2 $18) 31. e4 {[%emt 0:00:05] [#]} (31. Nxc5 $2 Ne1 32. Kg1 Bxg2 $19) 31... Qc3 $1 {[%emt 0:00:05] Prevents Nd2} (31... d6 $2 32. Nd2 Qc3 33. Nxf3 $18) 32. Qe2 {[%emt 0:01:28] Dodges Ne1} (32. Nxc5 $2 Ne1 33. Qh3 Rxf1+ (33... Qxc4 $2 {is the wrong capture.} 34. Qxd7+ Rf7 35. Rxf7+ Qxf7 36. Ne6+ Kf6 37. Qd4+ Ke7 38. Qd8+ Kxe6 39. Bb3+ Ke5 40. Bxf7 $18) 34. Qxf1 Nxc2 $19 (34... Qxc2 35. Qxe1 Ba8 36. Qf1 $11)) 32... d6 33. Kg2 (33. Rc1) 33... Ne5 34. Rxf8 Kxf8 35. Qd2 $2 (35. Bd1 {is a better defense.}) 35... Qxc4 36. Na5 Bxe4+ 37. Kf2 Qxc2 38. Ke3 0-1

[Event "Marshall Masters 44"]
[Site "New York"]
[Date "2024.12.18"]
[Round "4.2"]
[White "Lenderman, Aleksandr"]
[Black "Moor, Nathaniel Philip"]
[Result "1-0"]
[ECO "E14"]
[WhiteElo "2480"]
[BlackElo "2250"]
[Annotator "TA"]
[PlyCount "150"]
[EventDate "2024.12.17"]
[EventType "swiss"]
[EventCountry "USA"]
[SourceTitle "playchess.com"]
[Source "ChessBase"]
[SourceQuality "1"]
[TimeMode "Bronstein"]
[TimeControl "1500+5"]

1. d4 Nf6 2. Nf3 e6 3. c4 b6 4. e3 Bb7 5. Bd3 d5 6. O-O dxc4 7. Bxc4 Be7 8. b3 O-O 9. Bb2 Nbd7 10. Qe2 c5 11. dxc5 Nxc5 12. Rd1 Qc7 13. Nbd2 Bd6 14. Rac1 Qe7 15. a3 Rac8 16. b4 Nce4 17. Nxe4 Nxe4 18. Ba6 Rxc1 19. Rxc1 Ba8 20. Nd4 Qh4 21. g3 Qh3 22. f3 Ng5 23. f4 Ne4 24. Nc6 h5 25. Bd3 Nf6 26. Bxf6 gxf6 27. Be4 a5 28. Bg2 Qf5 29. Nd4 Qh7 (29... Qg4 $11) 30. Bxa8 $1 $14 Rxa8 31. Nb5 ({White should try} 31. Qf3 $1 $16 Rf8 (31... Rd8 32. f5 $14) 32. f5) 31... Bf8 $11 32. Qf3 $1 Rd8 33. bxa5 $2 (33. f5 $1 $11 {and White stays safe.}) 33... Qd3 $19 (33... bxa5 34. f5 $15) 34. a4 bxa5 35. Kh1 Qd2 36. Rf1 Rd3 37. Qxh5 Qxe3 (37... Rxe3 38. Qd1 Qb4 39. Qd4) 38. Qg4+ Bg7 39. f5 Kf8 $2 ({Better is} 39... e5 $19 40. Kg2 Rd2+ 41. Kh3 Qh6+ 42. Qh4 Qxh4+ 43. gxh4 Bf8) 40. fxe6 fxe6 41. Nc7 f5 42. Qc4 (42. Nxe6+ $1 $11 Qxe6 43. Qxf5+ Qxf5 44. Rxf5+ Kg8 45. Rxa5) 42... Rd6 (42... Qe2 $17 43. Nxe6+ (43. Qxe6 $2 Qxf1#) 43... Ke7 44. Qc5+ Rd6 (44... Kxe6 45. Qxf5+ Kd6 46. Rf2 $17) 45. Qc7+ Kxe6 46. Qc8+ Kf7 47. Qc7+ Kg8 48. Qc8+ Bf8 49. Qxf5 Qe8) 43. Nb5 $2 (43. Nxe6+ $15 Rxe6 44. Rxf5+ Kg8 45. Kg2) 43... Rd5 $2 (43... Rd2 $19 44. Qc8+ Kf7 45. Qb7+ Kg6) 44. Nc7 $11 Re5 (44... Bd4 $5 45. Kg2 Re5 $15) 45. Qc6 Kf7 (45... Qe4+ {simplifies} 46. Qxe4 Rxe4 47. Nxe6+ Rxe6 48. Rxf5+ Ke7) 46. Qe8+ Kf6 47. Qd8+ (47. Qg8 $11) 47... Kg6 $17 48. Qe8+ Kh6 49. Qc6 $1 Qe2 50. Qf3 Qc4 (50... Qc2 $17 51. Ne8 Re2 (51... Qxa4 52. Nd6 $15) 52. Nxg7 Rxh2+ (52... Kxg7 53. h4 $15) 53. Kg1 Kxg7 54. Qb7+ Kh6) 51. Qf4+ $11 Qxf4 52. gxf4 (52. Rxf4 $11 {keeps the balance.} Kg6 53. Rc4) 52... Re4 $17 53. Rc1 {[%emt 0:00:05] [#]} Bf8 (53... Rxf4 $6 54. Nxe6 Rxa4 55. Rc5 $11) (53... Kg6 $1 $17 {[%cal Og7h6] and ...Bh6! should not be overlooked} 54. Rc5 Bh6 (54... Rxa4 55. Nxe6 Bb2 56. Kg2 $11)) 54. Rc6 $11 Rxf4 $2 (54... Kh5 $11 {and Black stays safe.}) 55. Nxe6 $18 Rxa4 $2 ({Not} 55... Rf1+ $2 56. Kg2 Ra1 57. Nxf8+ $18) (55... Rb4) 56. Nxf8+ $2 (56. Nc5+ $18 Kg5 57. Nxa4) 56... Kg5 $14 57. Rc2 Re4 58. Kg2 a4 59. Nd7 Rd4 60. Nc5 a3 $2 (60... Kg4 $14) 61. Kf3 $2 (61. Ne6+ {mates} Kf6 62. Nxd4 Kg7 63. Nxf5+ Kg6 64. Ne7+ Kf7 65. Ra2 Kg7 66. Rxa3) 61... Rf4+ 62. Ke3 Rh4 63. Nd3 Rh3+ 64. Kd4 Rh4+ 65. Kd5 Rh3 66. Rg2+ Kf6 67. Ne5 Rb3 68. Rg6+ Ke7 69. Re6+ Kd8 70. Ra6 Ke7 $2 (70... Rh3 $14) 71. Ng6+ $18 Kf7 72. Ne5+ $2 (72. h4 $18) 72... Kg7 $2 {[%emt 0:00:04][%mdl 8192] [#]} (72... Ke7 $11) 73. Ke6 $1 $18 Rh3 74. Ra7+ (74. Kxf5 Rh5+ 75. Kf4 Rxh2 $14) 74... Kh6 75. Kxf5 Rh5+ 1-0

[Event "Marshall Masters 44"]
[Site "New York"]
[Date "2024.12.18"]
[Round "4.3"]
[White "Lu, Maximillian"]
[Black "Zeltsan, Joseph"]
[Result "1/2-1/2"]
[ECO "A17"]
[WhiteElo "2404"]
[BlackElo "2405"]
[Annotator "TA"]
[PlyCount "70"]
[EventDate "2024.12.17"]
[EventType "swiss"]
[EventCountry "USA"]
[SourceTitle "playchess.com"]
[Source "ChessBase"]
[SourceQuality "1"]
[TimeMode "Bronstein"]
[TimeControl "1500+5"]

1. Nf3 d5 2. e3 Nf6 3. c4 e6 4. Nc3 Bd6 5. b3 c5 6. Bb2 Nc6 7. cxd5 exd5 8. Rc1 O-O 9. Be2 Re8 10. d4 cxd4 11. Nxd4 Nxd4 12. Qxd4 Be5 13. Qd3 {[%emt 0:01:13] [#]} (13. Qd2 $11) 13... Ne4 $1 14. O-O $15 Bf5 15. Qd1 Re6 16. f4 Bxc3 17. Bxc3 Nxc3 18. Rxc3 Qb6 $1 19. Qd2 {[%emt 0:11:42] [#]} (19. Rf2 $15) 19... d4 20. Qxd4 $2 (20. exd4 $14 Be4 21. Rd1) 20... Re4 $4 (20... Qxd4 $19 {and life is good for Black.} 21. exd4 Rxe2) 21. Qd5 $2 ({White should play} 21. Qxb6 $18 axb6 22. Rd1) 21... Rxe3 $11 22. Rxe3 Qxe3+ 23. Rf2 Be4 24. Qd1 Qb6 25. Bf1 Rd8 (25... Re8 {keeps more tension.} 26. g3 g6 27. Qd7 Bc6) 26. Qe1 f5 27. Kh1 Qd4 28. h3 h6 29. Kh2 Kh7 30. g3 Qc5 {[%emt 0:00:00] The position is equal.} 31. Rd2 Qc3 32. Re2 Qxe1 33. Rxe1 Bf3 34. Re3 Rd2+ 35. Kg1 Be4 {[%emt 0:00:00] Weighted Error Value: White=0.42/Black=0.31.  Loses game:     	White=1     	---        Missed win:     	White=1     	Black=1      Mistake:       	White=2     	Black=2      Inaccurate:     	White=1     	Black=2      OK:         	White=8     	Black=8      Best:        	White=3     	Black=3      Strong:       	---       	Black=1} 1/2-1/2

[Event "Marshall Masters 44"]
[Site "New York"]
[Date "2024.12.18"]
[Round "4.4"]
[White "Tanenbaum, Zachary"]
[Black "Rohde, Michael"]
[Result "1-0"]
[ECO "C54"]
[WhiteElo "2297"]
[BlackElo "2286"]
[Annotator "RC"]
[PlyCount "77"]
[EventDate "2024.12.17"]
[EventType "swiss"]
[EventCountry "USA"]
[SourceTitle "playchess.com"]
[Source "ChessBase"]
[SourceQuality "1"]
[TimeMode "Bronstein"]
[TimeControl "1500+5"]

1. e4 e5 2. Nf3 Nc6 3. Bc4 Bc5 4. c3 Nf6 5. d3 d6 6. O-O O-O 7. h3 a6 8. a4 Ba7 9. Re1 Be6 10. Bxe6 fxe6 11. b4 Qe8 12. Nbd2 Nh5 13. Nf1 Nf4 14. Ra2 Qg6 15. Bxf4 Rxf4 16. Kh1 Raf8 17. N1h2 Bb6 18. b5 axb5 19. axb5 Ne7 20. g3 R4f6 21. d4 exd4 22. cxd4 h6 23. Kg2 R6f7 24. Qb3 Kh8 25. Nh4 Qh7 26. Qxe6 Bxd4 27. f4 Bf6 28. N4f3 Ng8 29. Qd5 Bc3 30. Re3 Nf6 31. Qc4 d5 32. exd5 Qb1 33. Rxc3 Re7 34. Rc1 Qg6 35. Ne5 Rxe5 36. fxe5 Ne4 37. Qd3 Qg5 38. Rf1 Rxf1 39. Nxf1 1-0